 Dungeon Crawl Stone Soup version 0.17-a0-896-g249456b (webtiles) character file.

205 xeno23 the Ogre Mage (level 5, 35/50 HPs)
             Began as an Ogre Wizard on May 2, 2015.
             Drowned
             ... in a sewer.
             The game lasted 00:15:19 (3879 turns).

xeno23 the Ogre Mage (Ogre Wizard)                  Turns: 3879, Time: 00:15:19

Health: 35/50      AC:  4    Str: 13    XL:     5   Next: 83%
Magic:  9/12       EV:  9    Int: 17    God:
Gold:   103        SH:  0    Dex:  8    Spells: 5 memorised, 3 levels left

rFire  . . .     SeeInvis .     l - +0 mace (curse)
rCold  . . .     Clarity  .     a - +0 robe
rNeg   . . .     SustAb   .     (no shield)
rPois  .         Gourm    .     b - +1 hat
rElec  .         Spirit   .     (no cloak)
rCorr  .         Warding  .     (gloves unavailable)
rMut   .         Stasis   .     (boots unavailable)
MR     .....                    (no amulet)
Stlth  +.........               (no ring)
                                (no ring)

@: repel missiles, not resistant to hostile enchantments, very unstealthy
A: unfitting armour, tough skin 1
a: no special abilities


You were in a sewer.
You were hungry.

You visited 1 branch of the dungeon, and saw 3 of its levels.
You also visited: Sewer.

You collected 103 gold pieces.

Inventory:

Hand weapons
 i - a +0 short sword
 l - a cursed +0 mace (weapon)
 n - a +0 spear
Missiles
 s - 5 curare-tipped needles
Armour
 a - a +0 robe (worn)
 b - a +1 hat (worn)
Magical staves
 t - an uncursed staff of conjuration {unknown}
Scrolls
 k - 4 scrolls of teleportation
 m - a scroll of identify
Potions
 e - a potion of curing
 f - 3 potions of cancellation
 g - a potion of degeneration {unknown}
 o - 3 potions of flight
 p - a potion of heal wounds {unknown}
 r - a potion of ambrosia {unknown}
 u - a potion of poison {unknown}
Books
 c - a book of Minor Magic

   Spells                             Type                      Level
   a - Magic Dart                     Conjuration                  1
   b - Blink                          Translocation                2
   c - Call Imp                       Summoning                    2
   d - Repel Missiles                 Charms/Air                   2
   e - Slow                           Hexes                        2
   f - Conjure Flame                  Conjuration/Fire             3
   g - Mephitic Cloud                 Conjuration/Poison/Air       3
Comestibles
 d - 4 bread rations
 h - 2 fruits
 q - a royal jelly


   Skills:
 - Level 2.4 Fighting
 + Level 3.9 Maces & Flails
 - Level 1.7 Dodging
 - Level 1.5 Stealth
 + Level 4.9 Spellcasting
 * Level 1.9 Conjurations
 - Level 0.6 Summonings
 - Level 0.6 Translocations


You had 3 spell levels left.
You knew the following spells:

 Your Spells              Type           Power        Failure   Level  Hunger
a - Magic Dart            Conj           ##..         10%         1    None
b - Blink                 Tloc           N/A          21%         2    #......
c - Call Imp              Summ           #.......     21%         2    #......
d - Conjure Flame         Conj/Fire      #.......     30%         3    ###....
r - Repel Missiles        Chrm/Air       #.....       24%         2    #......


Dungeon Overview and Level Annotations

Branches:
Dungeon (3/15)

Altars:
Nemelex Xobeh


Innate Abilities, Weirdness & Mutations

You are too large for most types of armour.
You have tough skin (AC +1).


Message History

You hit the sickly siren but do no damage.
The sickly siren is almost dead.
Your crimson imp closely misses the sickly siren.
The sickly siren chants its luring song.
You closely miss the sickly siren.
The sickly siren is almost dead.
Your crimson imp blinks!
The sickly siren chants its luring song.
Your crimson imp blinks!
You closely miss the sickly siren.
The sickly siren is almost dead.
The sickly siren chants its luring song.
You hit the sickly siren.
You break out of your daze!
You kill the sickly siren!
You hear a splash.
You swap places.
You float gracefully downwards.
You fall into the water!
You sink like a stone!
You drown...
You die...

#.##......††...≈≈≈≈∩∩#
#.####################
#...≈≈≈≈≈≈≈≈≈≈≈≈≈≈≈###
#..≈≈≈.≈≈..≈..≈≈≈≈≈≈≈≈
##≈≈≈≈.####..##########
#≈≈≈..## #### #≈≈####
#≈###########
#≈≈≈5≈@≈5≈≈≈#
#############


You could see 2 friendly crimson imps.

Vanquished Creatures
  A siren (Sewer)
  2 river rats (Sewer)
  3 adders
  An ooze (D:1)
  4 worms
  2 giant geckos (Sewer)
  3 bats
  6 goblins
  9 hobgoblins
  A jackal (D:2)
  4 kobolds
  7 ball pythons
  3 giant cockroaches
  5 giant newts
  25 rats
76 creatures vanquished.

Vanquished Creatures (collateral kills)
  A siren (Sewer)
  A merfolk avatar (Sewer)
  A river rat (D:3)
  2 adders (Sewer)
  2 worms
  A ball python (Sewer)
  A giant newt (Sewer)
  4 rats (Sewer)
13 creatures vanquished.

Vanquished Creatures (others)
  A drowned soul (Sewer)
  A shadow imp (D:3)
2 creatures vanquished.

Grand Total: 91 creatures vanquished

Notes
Turn   | Place    | Note
--------------------------------------------------------------
     0 | D:1      | xeno23, the Ogre Wizard, began the quest for the Orb.
     0 | D:1      | Reached XP level 1. HP: 16/16 MP: 5/5
    96 | D:1      | Reached skill level 1 in Fighting
   410 | D:1      | Reached XP level 2. HP: 25/27 MP: 4/6
   426 | D:1      | Learned a level 2 spell: Blink
   429 | D:1      | Learned a level 2 spell: Call Imp
   432 | D:1      | Learned a level 2 spell: Repel Missiles
   569 | D:1      | Reached skill level 4 in Spellcasting
  1143 | D:1      | Reached XP level 3. HP: 35/35 MP: 8/8
  1375 | D:2      | Reached skill level 1 in Maces & Flails
  1848 | D:2      | Reached XP level 4. HP: 36/42 MP: 10/10
  2262 | D:3      | Found a sparkling altar of Nemelex Xobeh.
  2681 | D:3      | Found a glowing drain.
  2814 | Sewer    | Entered a sewer
  2891 | Sewer    | Learned a level 3 spell: Conjure Flame
  2899 | Sewer    | Reached skill level 1 in Conjurations
  3129 | Sewer    | Reached XP level 5. HP: 37/50 MP: 12/12
  3590 | Sewer    | Noticed a drowned soul
  3591 | Sewer    | Noticed a drowned soul
  3594 | Sewer    | Noticed a drowned soul
  3594 | Sewer    | Killed a drowned soul
  3879 | Sewer    | Drowned

Action                   |  1- 3 |  4- 6 || total
-------------------------+-------+-------++-------
Melee: Unarmed           |    34 |       ||    34
       Short sword       |    34 |       ||    34
       Mace              |    46 |   192 ||   238
 Cast: Magic Dart        |    27 |    27 ||    54
       Repel Missiles    |     1 |       ||     1
       Call Imp          |       |    18 ||    18
  Use: Scroll            |       |     8 ||     8
       Potion            |       |     1 ||     1
 Stab: Sleeping          |       |     1 ||     1
  Eat: Chunk             |     3 |     7 ||    10
